 Dungeon Crawl Stone Soup version 0.17-a0-1360-g37db002 (webtiles) character file.

13193 ololoev the Carver (level 11, -9/72 HPs)
             Began as a Mummy Warper on June 11, 2015.
             Was an Initiate of Gozag.
             Engulfed by a cloud of flame (17 damage)
             ... on level 11 of the Dungeon.
             The game lasted 00:45:44 (17463 turns).

ololoev the Carver (Mummy Warper)                  Turns: 17463, Time: 00:45:44

Health: -9/72      AC: 19    Str: 17    XL:     11   Next: 72%
Magic:  14/14      EV:  6    Int: 10    God:    Gozag
Gold:   774        SH:  0    Dex: 12    Spells: 4 memorised, 5 levels left

rFire  . . .     SeeInvis .     a - +0 long sword (flame)
rCold  + . .     Clarity  +     v - +1 plate armour {rC+}
rNeg   + + +     SustAt   .     (no shield)
rPois  ∞         Gourm    .     (no helmet)
rElec  .         Spirit   .     o - +1 cloak
rCorr  .         Warding  .     n - +0 pair of gloves
rMut   .         Stasis   .     (no boots)
MR     +....                    i - amulet of clarity
Stlth  ..........               e - -3 ring of intelligence (curse)
                                j - ring of fire

@: somewhat resistant to hostile enchantments, extremely unstealthy
A: no food or potions, fire vulnerability, cold resistance 1, negative energy
resistance 3, torment resistance, unbreathing
a: Potion Petition, Call Merchant, Bribe Branch, Renounce Religion


Innate Abilities, Weirdness & Mutations

You do not eat or drink.
Your flesh is vulnerable to fire.
You are immune to poison.
Your flesh is cold resistant.
You are immune to negative energy.
You are immune to unholy pain and torment.
You can survive without breathing.

Inventory:

Hand weapons
 a - a +0 long sword of flaming (weapon)
Armour
 n - a +0 pair of gloves (worn)
 o - a +1 cloak (worn)
 v - a +1 plate armour of cold resistance (worn)
Jewellery
 e - a cursed -3 ring of intelligence (right hand)
 i - an amulet of clarity (around neck)
 j - a ring of fire (left hand)
Magical devices
 p - a wand of frost (11)
 r - a wand of disintegration (9)
Scrolls
 d - a scroll of blinking
 f - 3 scrolls of magic mapping
 g - 7 scrolls of remove curse
 h - 3 scrolls of identify
 k - a scroll of fear
 m - 2 scrolls of teleportation
 q - 2 scrolls of amnesia
 w - a scroll of enchant weapon


   Skills:
 - Level 2.0 Fighting
 * Level 12.7 Long Blades
 - Level 0.7 Throwing
 + Level 9.2 Armour
 - Level 1.5 Dodging
 - Level 2.0 Spellcasting
 - Level 3.4 Translocations


You had 5 spell levels left.
You knew the following spells:

 Your Spells              Type           Power        Failure   Level  Hunger
a - Apportation           Tloc           #.........   99%         1    N/A
b - Blink                 Tloc           N/A          100%        2    N/A
c - Teleport Other        Tloc           #.......     100%        3    N/A
d - Confuse               Hex            #.......     100%        3    N/A


You were on level 11 of the Dungeon.
You worshipped Gozag.
Gozag was noncommittal.
You were not hungry.

You visited 1 branch of the dungeon, and saw 11 of its levels.

You collected 3124 gold pieces.
You spent 307 gold pieces at shops.
You paid 2043 gold pieces to Gozag.

#Y...######...###)#
#..z..........# #(#
#....#####....###.#
#....# #...$....#
#.z.D# #........#
#....# #....#####
#...Y#####§§..#
#.....Yz.z§§..#
#....######@..#
#..>.# #...#####
#....# #.......#
#....# #.......#
#....# #.......#
#....# #.......#
#....# #.#######
#....######.#######
#.................#

Notes
Turn   | Place    | Note
--------------------------------------------------------------
     0 | D:1      | ololoev the Mummy Warper began the quest for the Orb.
     0 | D:1      | Reached XP level 1. HP: 16/16 MP: 3/3
    99 | D:1      | Reached skill level 1 in Armour
   194 | D:1      | Reached XP level 2. HP: 19/22 MP: 5/5
  1013 | D:2      | Reached XP level 3. HP: 23/27 MP: 6/6
  1014 | D:2      | Found a glowing silver altar of Zin.
  1084 | D:2      | Found a faded altar to an unknown god.
  1116 | D:2      | Became a worshipper of Gozag Ym Sagoz the Greedy
  1874 | D:2      | Reached XP level 4. HP: 28/33 MP: 7/7
  1900 | D:2      | Learned a level 2 spell: Blink
  1904 | D:2      | Learned a level 3 spell: Teleport Other
  2634 | D:3      | Noticed Terence
  2812 | D:2      | Reached skill level 3 in Translocations
  3976 | D:3      | Reached XP level 5. HP: 25/38 MP: 8/8
  4811 | D:4      | Found an ancient bone altar of Kikubaaqudgha.
  5398 | D:4      | Found Hagan's General Store.
  5402 | D:4      | Bought a scroll of identify for 20 gold pieces
  5402 | D:4      | Bought a scroll of identify for 20 gold pieces
  5402 | D:4      | Bought a scroll of torment for 75 gold pieces
  5402 | D:4      | Bought a +2 scimitar of draining for 192 gold pieces
  5502 | D:4      | Found a white marble altar of Elyvilon.
  5536 | D:4      | Noticed a moth of wrath
  5539 | D:4      | Found a bloodstained altar of Trog.
  5768 | D:4      | Reached XP level 6. HP: 24/44 MP: 9/9
  5979 | D:5      | Entered Level 5 of the Dungeon
  6053 | D:5      | Reached skill level 4 in Long Blades
  6498 | D:5      | Reached XP level 7. HP: 42/50 MP: 10/10
  6965 | D:6      | Reached skill level 5 in Long Blades
  7203 | D:6      | Learned a level 3 spell: Confuse
  7576 | D:6      | Found a staircase to the Ecumenical Temple.
  7784 | D:6      | Found a glowing golden altar of the Shining One.
  7869 | D:6      | Reached skill level 6 in Long Blades
  7869 | D:6      | Reached XP level 8. HP: 10/56 MP: 11/11
  8293 | D:6      | Found a deep blue altar of Sif Muna.
  8713 | D:3      | Killed Terence
  8893 | D:3      | Noticed ololoev's ghost (experienced OgHu)
  8939 | D:3      | Killed ololoev's ghost
  8939 | D:3      | Reached skill level 7 in Long Blades
  9193 | D:3      | Found a blossoming altar of Fedhas.
  9512 | D:5      | Reached skill level 5 in Armour
  9734 | D:7      | Found an iron altar of Okawaru.
  9742 | D:7      | Noticed Joseph
  9759 | D:7      | Killed Joseph
  9759 | D:7      | Reached skill level 8 in Long Blades
  9759 | D:7      | Reached XP level 9. HP: 27/61 MP: 12/12
 10616 | D:7      | Found a burning altar of Makhleb.
 10698 | D:6      | Noticed Eustachio
 10750 | D:6      | Killed Eustachio
 10903 | D:8      | Noticed a hill giant
 11363 | D:8      | Found a sparkling altar of Nemelex Xobeh.
 11459 | D:8      | Noticed DEFE's ghost (experienced FoFi)
 11616 | D:8      | Noticed Pikel
 11632 | D:8      | Killed Pikel
 11632 | D:8      | Reached skill level 9 in Long Blades
 11763 | D:8      | Killed a hill giant
 11783 | D:8      | Killed DEFE's ghost
 11783 | D:8      | Reached skill level 10 in Long Blades
 11783 | D:8      | Reached XP level 10. HP: 15/67 MP: 13/13
 12208 | D:8      | Noticed a three-headed hydra
 12221 | D:8      | Killed a one-headed hydra
 12615 | D:8      | Found a sacrificial altar of Ru.
 13470 | D:9      | Reached skill level 11 in Long Blades
 13572 | D:9      | Found Cievuh's Gadget Emporium.
 14097 | D:9      | Found a roughly hewn altar of Beogh.
 14141 | D:9      | HP: 2/67 [orc/flail (9)]
 14839 | D:9      | Found a shattered altar of Ashenzari.
 14883 | D:9      | Reached XP level 11. HP: 62/72 MP: 14/14
 14963 | D:10     | Entered Level 10 of the Dungeon
 15150 | D:10     | Noticed bal's ghost (experienced DsVM)
 15208 | D:10     | Killed bal's ghost
 15505 | D:10     | Found a staircase to the Lair.
 16038 | D:11     | Found Ythri's Antique Armour Emporium.
 16038 | D:11     | Noticed a hill giant
 16061 | D:10     | Killed a hill giant
 16316 | D:10     | Reached skill level 12 in Long Blades
 16714 | D:10     | Killed an unseen horror
 16785 | D:11     | Noticed Maud
 16865 | D:11     | Killed Maud
 17406 | D:11     | Noticed a seven-headed hydra
 17463 | D:11     | Killed a one-headed hydra
 17463 | D:11     | Engulfed by a cloud of flame

Dungeon Overview and Level Annotations

Branches:
Dungeon (11/15)            Temple (0/1) D:6            Lair (0/8) D:10
    Orc: D:9-12

Altars:
Ashenzari
Elyvilon
Fedhas
Kikubaaqudgha
Makhleb
Nemelex Xobeh
Okawaru
Ru
Sif Muna
Trog
Zin
The Shining One
Beogh

Shops:
D:4 *   D:9 }   D:11 [


Message History

The flame cauterises the wound!
You slash the four-headed hydra! You burn the four-headed hydra.
The four-headed hydra is heavily wounded.
The four-headed hydra bites you but does no damage. x3
The four-headed hydra bites you!
Unknown command.
You hack one of the four-headed hydra's heads off!
The flame cauterises the wound!
You slash the three-headed hydra! You burn the three-headed hydra.
The three-headed hydra is severely wounded.
Unknown command.
You hit the three-headed hydra. You burn the three-headed hydra.
The three-headed hydra is severely wounded.
The three-headed hydra bites you but does no damage. x2
The three-headed hydra bites you.
Unknown command.
Your plate armour prevents you from hitting the three-headed hydra.
The three-headed hydra is severely wounded.
The three-headed hydra barely misses you. x2
The three-headed hydra bites you but does no damage.
Unknown command.
You hack one of the three-headed hydra's heads off!
The flame cauterises the wound!
You slash the two-headed hydra! You burn the two-headed hydra.
The two-headed hydra is almost dead.
The two-headed hydra barely misses you. x2
Unknown command.
You slice one of the two-headed hydra's heads off!
The flame cauterises the wound!
You hit the one-headed hydra. You burn the one-headed hydra.
The one-headed hydra is almost dead.
The one-headed hydra closely misses you.
Unknown command.
You slice the one-headed hydra's last head off!
The one-headed hydra explodes!
The fiery explosion engulfs the wight.
The wight is almost destroyed.
The fiery explosion engulfs you!
You are engulfed in roaring flames.
You die...
Your body crumbles into a pile of gold.

You could see 2 yaks and 2 wights.

Vanquished Creatures
  Maud (D:11)
  2 hydras
  The ghost of DEFE the Blocker, an experienced FoFi of Gozag (D:8)
  The ghost of bal the Stinger, an experienced DsVM of Ru (D:10)
  An unseen horror (D:10)
  2 hill giants
  Pikel (D:8)
  The ghost of ololoev the Cudgeler, an experienced OgHu (D:3)
  Joseph (D:7)
  A two-headed ogre (D:9)
  A troll (D:11)
  A wraith (D:10)
  3 yaks (D:8)
  Eustachio (D:6)
  A steam dragon (D:10)
  7 orc warriors
  2 sky beasts
  2 phantoms (D:6)
  A necrophage (D:9)
  3 centaurs
  4 ogres
  4 big kobolds
  4 giant frogs
  4 scorpions
  A wyvern skeleton (D:10)
  10 wights
  A quasit (D:9)
  9 crimson imps
  7 hounds
  3 centaur zombies
  A jelly (D:9)
  14 orc wizards
  An iguana (D:9)
  9 orc priests
  3 centaur skeletons
  2 giant frog skeletons
  Terence (D:3)
  A hell rat (D:9)
  5 worker ants
  2 sheep (D:8)
  A mummy (D:9)
  A worker ant zombie (D:6)
  15 river rats (D:9)
  A shadow imp (D:9)
  9 adders
  An adder zombie (D:9)
  8 worms
  3 giant geckos
  60 orcs
  2 ball pythons
  19 bats
  A bat skeleton (D:5)
  A bat zombie (D:6)
  9 giant cockroaches
  16 hobgoblins
  12 jackals
  6 quokkas
  9 giant newts
  18 goblins
  A jackal zombie (D:5)
  28 kobolds
  3 quokka zombies
  43 rats
387 creatures vanquished.

Vanquished Creatures (others)
  4 slaves (D:8)
  An orc wizard (D:8)
  An adder (D:8)
  2 orcs (D:8)
  A jackal zombie (D:8)
  2 rats (D:8)
11 creatures vanquished.

Grand Total: 398 creatures vanquished

Action                   |  1- 3 |  4- 6 |  7- 9 | 10-12 || total
-------------------------+-------+-------+-------+-------++-------
Melee: Falchion          |   138 |   351 |       |       ||   489
       Scimitar          |       |   123 |   302 |   202 ||   627
       Long sword        |       |       |    73 |   552 ||   625
Throw: Tomahawk          |       |     6 |       |       ||     6
Invok: Potion Petition   |       |     2 |       |     2 ||     4
       Call Merchant     |       |       |     1 |       ||     1
Evoke: Wand              |       |       |    21 |    26 ||    47
  Use: Scroll            |       |     9 |     9 |     7 ||    25
 Stab: Distracted        |       |     1 |     1 |     2 ||     4
       Paralysed         |       |       |       |     9 ||     9

Vault maps used:
D:1:      wheals_arrival_linesprint, nrook_mini_vaults
D:2:      lemuel_doored_altar, ecumenical_altar_1
D:3:      fedhas_altar_4, first_bread, moated_statue, hangedman_decor_riveting,
          st_stairs_5, uniq_terence
D:4:      kiku_gazebo_garden_becter, tgw_trog, lemuel_round_altar, serial_shops,
          shop
D:6:      lemuel_blue_sif_altar, nicolae_overflow_hidden_temple,
          minmay_temple_entry_large_hall, dk_noncrumbling_3, uniq_eustachio
D:7:      okawaru_metal_pillars_1_2, lightli_temple_of_fire, uniq_joseph
D:8:      minmay_curly_fans, nemelex_altar_shiori, nicolae_ru_awakened_eye,
          hangedman_ranch, uniq_pikel
D:9:      overflow_temple_1_default, special_room, serial_undead,
          serial_undead_a, serial_undead_c, serial_undead_d, serial_undead_b,
          serial_undead_a, serial_undead_d, serial_shops, shop,
          rats_and_rats_again
D:10:     lair_0_dummy
D:11:     uniq_maud
